PBL
PALM BEACH NATIONALS @ KELOWNA HEAT
07/04/2049
 
TOP OF THE 1ST
Palm Beach Nationals batting - Pitching for Kelowna Heat : RHP Eric McBryde
Pitching: RHP Eric McBryde
Batting: RHB Lou Ortman 0-0: Ball
1-0: Foul Ball, location: 2F
1-1: Swinging Strike
1-2: Ball
2-2: Fly out, F9 (Flyball, 9D, EV 90.0 MPH)
Batting: RHB Larry Myers 0-0: Foul Ball, location: 2F
0-1: Fly out, F8 (Flyball, 8RD, EV 98.8 MPH)
Batting: LHB Ken Westfall 0-0: Ball
1-0: Ground out 3-1 (Groundball, 34, EV 78.8 MPH)
Top of the 1st over - 0 runs, 0 hits, 0 errors, 0 left on base; Palm Beach 0 - Kelowna 0
BOTTOM OF THE 1ST
Kelowna Heat batting - Pitching for Palm Beach Nationals : RHP Nate Vandergriff
Pitching: RHP Nate Vandergriff
Batting: RHB Mike Storey 0-0: Swinging Strike
0-1: Ball
1-1: Ball
2-1: Ball
3-1: Swinging Strike
3-2: Base on Balls
Batting: RHB Sean Gilbert 0-0: Ball
1-0: Ball
2-0: Ball
3-0: Called Strike
3-1: SINGLE (Flyball, 89S, EV 91.2 MPH)
Mike Storey to second
Runner from 2nd tries for 3rd, SAFE, throw by RF made to third
Batting: LHB Alex Larangho 0-0: Called Strike
Sean Gilbert steals 2nd base
0-1: Foul Ball, location: 2F
0-2: Ball
1-2: Foul Ball, location: 2F
1-2: Ball
2-2: Ball
3-2: Base on Balls
Batting: RHB Joey Black 0-0: Fielders Choice at 2nd, 5-4 (Groundball, 56S, EV 90.6 MPH)
Mike Storey scores
Sean Gilbert to third
Batting: RHB Soichi Kaneshiro 0-0: Called Strike
0-1: Called Strike
0-2: Strikes out swinging
Batting: LHB Willy Berrios 0-0: Ball
1-0: Swinging Strike
1-1: Ball
Wild Pitch!
Sean Gilbert scores
Joey Black to second
2-1: Ball
3-1: Base on Balls
Batting: LHB Robert Leary 0-0: Called Strike
0-1: 3-RUN HOME RUN (Flyball, 89XD, EV 115.6 MPH), Distance : 455 ft
Batting: RHB Glen Limeburner 0-0: Foul Ball, location: 2F
0-1: Ball
1-1: Ball
2-1: Foul Ball, location: 2F
2-2: Ball
3-2: Strikes out swinging
Bottom of the 1st over - 5 runs, 2 hits, 0 errors, 0 left on base; Palm Beach 0 - Kelowna 5
TOP OF THE 2ND
Palm Beach Nationals batting - Pitching for Kelowna Heat : RHP Eric McBryde
Batting: LHB Dusty Jones 0-0: Ball
1-0: Foul Ball, location: 2F
1-1: Ground out 5-3 (Groundball, 5, EV 85.6 MPH)
Batting: LHB Mike Trentham 0-0: Called Strike
0-1: Swinging Strike
0-2: Fly out, F9 (Flyball, 9, EV 85.0 MPH)
Batting: RHB Tom Lyles 0-0: Ball
1-0: Fly out, F7 (Flyball, 7, EV 89.4 MPH)
Top of the 2nd over - 0 runs, 0 hits, 0 errors, 0 left on base; Palm Beach 0 - Kelowna 5
BOTTOM OF THE 2ND
Kelowna Heat batting - Pitching for Palm Beach Nationals : RHP Nate Vandergriff
Batting: RHB Joe Nelson 0-0: Called Strike
0-1: Swinging Strike
0-2: Strikes out swinging
Batting: RHB Mike Storey 0-0: Ground out 6-3 (Groundball, 6, EV 81.9 MPH)
Batting: RHB Sean Gilbert 0-0: Fly out, F8 (Flyball, 8RD, EV 93.8 MPH)
Bottom of the 2nd over - 0 runs, 0 hits, 0 errors, 0 left on base; Palm Beach 0 - Kelowna 5
TOP OF THE 3RD
Palm Beach Nationals batting - Pitching for Kelowna Heat : RHP Eric McBryde
Batting: RHB Abdul-Ra'uf bin Maimun 0-0: Called Strike
0-1: Ball
1-1: Ball
2-1: Fly out, F5 (Line Drive, 56, EV 70.0 MPH)
Batting: RHB Mike Hayes 0-0: Called Strike
0-1: Swinging Strike
0-2: Strikes out looking
Batting: LHB Emery Helm 0-0: Called Strike
0-1: Ball
1-1: Ball
2-1: Called Strike
2-2: Fly out, F6 (Popup, 6D, EV 65.0 MPH)
Top of the 3rd over - 0 runs, 0 hits, 0 errors, 0 left on base; Palm Beach 0 - Kelowna 5
BOTTOM OF THE 3RD
Kelowna Heat batting - Pitching for Palm Beach Nationals : RHP Nate Vandergriff
Batting: LHB Alex Larangho 0-0: Ground out 2-3 (Groundball, 2R, EV 66.2 MPH)
Batting: RHB Joey Black 0-0: Called Strike
0-1: Ball
1-1: Swinging Strike
1-2: Foul Ball, location: 2F
1-2: Ball
2-2: Ball
3-2: Foul Ball, location: 2F
3-2: Fly out, F8 (Line Drive, 8RD, EV 87.5 MPH)
Batting: RHB Soichi Kaneshiro 0-0: Ball
1-0: Ball
2-0: Ball
3-0: Called Strike
3-1: Fly out, F9 (Flyball, 9S, EV 85.0 MPH)
Bottom of the 3rd over - 0 runs, 0 hits, 0 errors, 0 left on base; Palm Beach 0 - Kelowna 5
TOP OF THE 4TH
Palm Beach Nationals batting - Pitching for Kelowna Heat : RHP Eric McBryde
Batting: RHB Lou Ortman 0-0: Foul Ball, location: 2F
0-1: Foul Ball, location: 2F
0-2: Strikes out swinging
Batting: RHB Larry Myers 0-0: Called Strike
0-1: Ball
1-1: Ball
2-1: Foul Ball, location: 2F
2-2: Strikes out swinging
Batting: LHB Ken Westfall 0-0: Ball
1-0: Fly out, F5 (Popup, 5SF, EV 73.8 MPH)
Top of the 4th over - 0 runs, 0 hits, 0 errors, 0 left on base; Palm Beach 0 - Kelowna 5
BOTTOM OF THE 4TH
Kelowna Heat batting - Pitching for Palm Beach Nationals : RHP Nate Vandergriff
Batting: LHB Willy Berrios 0-0: Foul Ball, location: 2F
0-1: Called Strike
0-2: Ball
1-2: Ball
2-2: Foul Ball, location: 2F
2-2: Foul Ball, location: 2F
2-2: Ball
3-2: Base on Balls
Batting: LHB Robert Leary 0-0: Ball
Willy Berrios is caught stealing 2nd base 2-6
1-0: Foul Ball, location: 2F
1-1: Foul Ball, location: 2F
1-2: Strikes out swinging
Batting: RHB Glen Limeburner 0-0: Ball
1-0: Ground out 4-3 (Groundball, 4, EV 90.0 MPH)
Bottom of the 4th over - 0 runs, 0 hits, 0 errors, 0 left on base; Palm Beach 0 - Kelowna 5
TOP OF THE 5TH
Palm Beach Nationals batting - Pitching for Kelowna Heat : RHP Eric McBryde
Batting: LHB Dusty Jones 0-0: Called Strike
0-1: Ball
1-1: Foul Ball, location: 2F
1-2: Strikes out looking
Batting: LHB Mike Trentham 0-0: Called Strike
0-1: Ball
1-1: Ground out 6-3 (Groundball, 6, EV 83.1 MPH)
Batting: RHB Tom Lyles 0-0: Ball
1-0: Called Strike
1-1: Ball
2-1: Foul Ball, location: 2F
2-2: Foul Ball, location: 2F
2-2: Strikes out swinging
Top of the 5th over - 0 runs, 0 hits, 0 errors, 0 left on base; Palm Beach 0 - Kelowna 5
BOTTOM OF THE 5TH
Kelowna Heat batting - Pitching for Palm Beach Nationals : RHP Nate Vandergriff
Batting: RHB Joe Nelson 0-0: Called Strike
0-1: Foul Ball, location: 2F
0-2: Foul Ball, location: 2F
0-2: Strikes out swinging
Batting: RHB Mike Storey 0-0: Ball
1-0: Ball
2-0: Ball
3-0: Called Strike
3-1: Foul Ball, location: 2F
3-2: Base on Balls
Batting: RHB Sean Gilbert 0-0: Hit by Pitch
Mike Storey to second
Pinch Runner at 1st Michael Woodard:
Batting: LHB Alex Larangho 0-0: Ball
1-0: Called Strike
1-1: Ball
2-1: Swinging Strike
2-2: 3-RUN HOME RUN (Flyball, 7D, EV 95.6 MPH), Distance : 382 ft
Pitching: RHP Steve Mesa
Batting: RHB Joey Black 0-0: Ball
1-0: Called Strike
1-1: Ball
2-1: Ball
3-1: Swinging Strike
3-2: Foul Ball, location: 2F
3-2: Strikes out looking
Batting: RHB Soichi Kaneshiro 0-0: Ball
1-0: Ball
2-0: Called Strike
2-1: Ball
3-1: Foul Ball, location: 2F
3-2: Foul Ball, location: 2F
3-2: Base on Balls
Batting: LHB Willy Berrios 0-0: TRIPLE (Flyball, 89XD, EV 110.0 MPH)
Soichi Kaneshiro scores
Batting: LHB Robert Leary 0-0: Called Strike
0-1: Ball
1-1: Called Strike
1-2: Foul Ball, location: 2F
1-2: Ball
2-2: SINGLE (Groundball, 4MD, EV 95.0 MPH)
Willy Berrios scores
Pitching: RHP Coltyn Forte
Batting: RHB Glen Limeburner 0-0: Foul Ball, location: 2F
0-1: Ball
1-1: SINGLE (Groundball, 34D, EV 104.4 MPH)
Robert Leary to second
Batting: RHB Joe Nelson 0-0: Called Strike
0-1: Called Strike
0-2: Strikes out swinging
Bottom of the 5th over - 5 runs, 4 hits, 0 errors, 2 left on base; Palm Beach 0 - Kelowna 10
TOP OF THE 6TH
Palm Beach Nationals batting - Pitching for Kelowna Heat : RHP Eric McBryde
Now at SS: Michael Woodard
Batting: RHB Abdul-Ra'uf bin Maimun 0-0: Ball
1-0: Foul Ball, location: 2F
1-1: Foul Ball, location: 2F
1-2: Ball
2-2: Ball
3-2: Strikes out looking
Batting: RHB Mike Hayes 0-0: Ball
1-0: Ground out 5-3 (Groundball, 56S, EV 63.1 MPH)
Batting: LHB Emery Helm 0-0: Called Strike
0-1: Swinging Strike
0-2: Strikes out swinging
Top of the 6th over - 0 runs, 0 hits, 0 errors, 0 left on base; Palm Beach 0 - Kelowna 10
BOTTOM OF THE 6TH
Kelowna Heat batting - Pitching for Palm Beach Nationals : RHP Coltyn Forte
Batting: RHB Mike Storey 0-0: Called Strike
0-1: Swinging Strike
0-2: Ball
1-2: Ball
2-2: Foul Ball, location: 2F
2-2: Ball
3-2: Foul Ball, location: 2F
3-2: SINGLE (Groundball, 34D, EV 103.8 MPH)
Batting: SHB Michael Woodard 0-0: Swinging Strike
0-1: Ball
1-1: Ball
2-1: SINGLE (Groundball, 6MD, EV 100.0 MPH)
Mike Storey to second
Runner from 2nd tries for 3rd, SAFE, throw by CF made to third
Batting: LHB Alex Larangho 0-0: Ball
1-0: Foul Ball, location: 2F
1-1: Swinging Strike
1-2: Strikes out swinging
Batting: RHB Joey Black 0-0: Foul Ball, location: 2F
0-1: Ball
1-1: Grounds into double play, 4-6-3 (Groundball, 34, EV 91.9 MPH)
Bottom of the 6th over - 0 runs, 2 hits, 0 errors, 1 left on base; Palm Beach 0 - Kelowna 10
TOP OF THE 7TH
Palm Beach Nationals batting - Pitching for Kelowna Heat : RHP Eric McBryde
Batting: RHB Lou Ortman 0-0: Ball
1-0: Foul Ball, location: 2F
1-1: Foul Ball, location: 2F
1-2: Ball
2-2: Ball
3-2: Strikes out swinging
Batting: RHB Larry Myers 0-0: Ball
1-0: Reached on error, E5 (Groundball, 5, EV 80.6 MPH)
Batting: LHB Ken Westfall 0-0: Called Strike
0-1: Foul Ball, location: 2F
0-2: Strikes out swinging
Batting: LHB Dusty Jones 0-0: Ball
1-0: SINGLE (Groundball, 56D, EV 93.8 MPH)
Larry Myers to second
Batting: LHB Mike Trentham 0-0: Ball
1-0: Called Strike
1-1: Fly out, F7 (Flyball, 7LM, EV 96.9 MPH)
Top of the 7th over - 0 runs, 1 hit, 1 error, 2 left on base; Palm Beach 0 - Kelowna 10
BOTTOM OF THE 7TH
Kelowna Heat batting - Pitching for Palm Beach Nationals : RHP Coltyn Forte
Batting: RHB Soichi Kaneshiro 0-0: Called Strike
0-1: Ball
1-1: Ball
2-1: Foul Ball, location: 2F
2-2: Ball
3-2: Base on Balls
Pitching: RHP Matt Crowley
Batting: LHB Willy Berrios 0-0: Foul Ball, location: 2F
0-1: Ball
1-1: SINGLE (Flyball, 8RS, EV 96.2 MPH)
Soichi Kaneshiro to second
Runner from 2nd tries for 3rd, SAFE, throw by RF made to third
Batting: LHB Robert Leary 0-0: Ball
1-0: Ball
Wild Pitch!
Soichi Kaneshiro scores
Willy Berrios to second
2-0: SINGLE (Groundball, 34D, EV 96.2 MPH)
Willy Berrios to third
Runner from 3rd tries for Home, SAFE, throw by RF to home
Batting: RHB Glen Limeburner 0-0: Called Strike
0-1: Ball
1-1: Ball
2-1: Swinging Strike
2-2: Foul Ball, location: 2F
2-2: Ball
3-2: Fielders Choice at 2nd, 6-4 (Groundball, 6, EV 111.2 MPH)
Batting: RHB Joe Nelson 0-0: Foul Ball, location: 2F
0-1: Ball
1-1: Foul Ball, location: 2F
1-2: Ball
2-2: Foul Ball, location: 2F
2-2: Ball
3-2: Base on Balls
Glen Limeburner to second
Batting: RHB Mike Storey 0-0: Called Strike
0-1: Ball
1-1: Ball
2-1: Foul Ball, location: 2F
2-2: Foul Ball, location: 2F
2-2: Ball
3-2: Grounds into double play, 6-4-3 (Groundball, 6M, EV 91.9 MPH)
Bottom of the 7th over - 2 runs, 2 hits, 0 errors, 1 left on base; Palm Beach 0 - Kelowna 12
TOP OF THE 8TH
Palm Beach Nationals batting - Pitching for Kelowna Heat : RHP Eric McBryde
Batting: RHB Tom Lyles 0-0: Ball
1-0: Foul Ball, location: 2F
1-1: Ball
2-1: Ball
3-1: Fly out, F7 (Flyball, 78M, EV 93.8 MPH)
Batting: RHB Abdul-Ra'uf bin Maimun 0-0: Ball
1-0: SINGLE (Groundball, 5D, EV 104.4 MPH)
Batting: RHB Mike Hayes 0-0: Ball
1-0: Fly out, F7 (Flyball, 78S, EV 83.1 MPH)
Batting: LHB Emery Helm 0-0: Ball
1-0: Called Strike
1-1: Ground out 4-3 (Groundball, 4MS, EV 85.6 MPH)
Top of the 8th over - 0 runs, 1 hit, 0 errors, 1 left on base; Palm Beach 0 - Kelowna 12
BOTTOM OF THE 8TH
Kelowna Heat batting - Pitching for Palm Beach Nationals : RHP Matt Crowley
Batting: SHB Michael Woodard 0-0: Ball
1-0: Ball
2-0: Called Strike
2-1: Foul Ball, location: 2F
2-2: Ground out 6-3 (Groundball, 6M, EV 98.1 MPH)
Batting: LHB Alex Larangho 0-0: Swinging Strike
0-1: Ball
1-1: Foul Ball, location: 2F
1-2: Ball
2-2: Foul Ball, location: 2F
2-2: Foul Ball, location: 2F
2-2: SOLO HOME RUN (Flyball, 8LXD, EV 109.4 MPH), Distance : 443 ft
Batting: RHB Joey Black 0-0: Ball
1-0: Called Strike
1-1: Ball
2-1: Ball
3-1: Fly out, F9 (Flyball, 9, EV 88.1 MPH)
Batting: RHB Soichi Kaneshiro 0-0: Ball
1-0: Swinging Strike
1-1: Ball
2-1: Foul Ball, location: 2F
2-2: Ball
3-2: Base on Balls
Batting: LHB Willy Berrios 0-0: Called Strike
0-1: Called Strike
0-2: Ball
1-2: Ball
2-2: SINGLE (Groundball, 6MD, EV 93.8 MPH)
Soichi Kaneshiro to second
Batting: LHB Robert Leary 0-0: Ball
1-0: Ball
2-0: Foul Ball, location: 2F
2-1: Called Strike
2-2: Strikes out swinging
Bottom of the 8th over - 1 run, 2 hits, 0 errors, 2 left on base; Palm Beach 0 - Kelowna 13
TOP OF THE 9TH
Palm Beach Nationals batting - Pitching for Kelowna Heat : RHP Eric McBryde
Pinch Hitting: RHB Greg Bennett 0-0: Foul Ball, location: 2F
0-1: Foul Ball, location: 2F
0-2: Ball
1-2: Foul Ball, location: 2F
1-2: Strikes out swinging
Batting: RHB Vince Parris 0-0: Foul Ball, location: 2F
0-1: Ball
1-1: Swinging Strike
1-2: Foul Ball, location: 2F
1-2: Strikes out swinging
Batting: LHB Ken Westfall 0-0: Called Strike
0-1: SINGLE (Groundball, 6S, EV 71.9 MPH) (infield hit)
Pinch Hitting: RHB Jim O'Sullivan 0-0: Ball
1-0: Ball
2-0: Foul Ball, location: 2F
2-1: Ball
3-1: Foul Ball, location: 2F
3-2: Base on Balls
Ken Westfall to second
Pitching: RHP Edward Jones
Batting: LHB Mike Trentham 0-0: Ball
1-0: Fly out, F8 (Flyball, 8RD, EV 83.8 MPH)
Top of the 9th over - 0 runs, 1 hit, 0 errors, 2 left on base; Palm Beach 0 - Kelowna 13
Sunday, July 16th , 2023 - OOTP Baseball 24.6 Build 69